 Dungeon Crawl Stone Soup version 0.22-a0-224-g8cf3520 (webtiles) character file.

53 KristoblXynda the Skirmisher (level 3, -1/34 HPs)
             Began as a Naga Fighter on Feb 19, 2018.
             Slain by Natasha (8 damage)
             ... on level 2 of the Dungeon.
             The game lasted 00:01:55 (1113 turns).

KristoblXynda the Skirmisher (Naga Fighter)         Turns: 1113, Time: 00:01:55

Health: -1/34      AC:  4    Str: 18    XL:     3   Next: 87%
Magic:  3/3        EV:  6    Int:  9    God:
Gold:   106        SH:  8    Dex: 10    Spells: 2/2 levels left

rFire    . . .     SeeInvis +   a - +0 flail
rCold    . . .     Gourm    .   c - +0 shield
rNeg     . . .     Faith    .   o - +0 ring mail
rPois    +         Spirit   .   (no helmet)
rElec    .         Reflect  .   (no cloak)
rCorr    .         Harm     .   (no gloves)
MR       .....                  (no barding)
Stlth    ..........             (no amulet)
HPRegen  0.11/turn              (no ring)
MPRegen  0.08/turn              (no ring)

@: short of breath, very slow
A: large, see invisible, deformed body, poison resistance, slowness 2, slow
metabolism 1, spit poison 1, AC +1
a: Spit Poison


You were on level 2 of the Dungeon.
You were hungry.

You visited 1 branch of the dungeon, and saw 2 of its levels.

You collected 106 gold pieces.

Inventory:

Hand Weapons
 a - a +0 flail (weapon)
Armour
 c - a +0 shield (worn)
 o - a +0 ring mail (worn)
Scrolls
 b - a scroll of immolation {unknown}
 e - 4 scrolls of teleportation {unknown}
 j - a scroll of enchant weapon {unknown}
 k - a scroll of enchant armour {unknown}
 l - a scroll of identify {unknown}
 n - a scroll of amnesia {unknown}
Potions
 d - 2 potions of might
 g - 2 potions of curing {unknown}
 h - 2 potions of heal wounds
 i - a potion of flight {unknown}
 m - a potion of resistance {unknown}
Comestibles
 f - 2 rations


   Skills:
 - Level 3.0 Fighting
 + Level 2.8 Maces & Flails
 + Level 3.0 Armour
 + Level 3.0 Shields


You had 2 spell levels left.
You didn't know any spells.

Dungeon Overview and Level Annotations

Branches:
Dungeon (2/15)

Altars:

Annotations:
D:2 Natasha


Innate Abilities, Weirdness & Mutations

You cannot wear boots.
Your serpentine skin is tough. (AC +1)
You have supernaturally acute eyesight. (SInv)
Armour fits poorly on your strangely shaped body.
Your system is resistant to poisons. (rPois)
You cover ground very slowly.
You have a slow metabolism.
You can spit poison.


Message History

Your Shields skill increases to level 3!
You block the white imp's attack.
Natasha mumbles some strange words.
You feel troubled.
There are monsters nearby!
You closely miss the white imp.
The white imp hits you but does no damage.
You block Natasha's attack.
You miss Natasha.
You are feeling hungry.
You block the white imp's attack. Natasha claws you.
The white imp hits you but does no damage.
Press: ? - help, Shift-Dir - straight line The splash of poison misses Natasha.
You feel slightly more hungry. Natasha claws you!
* * * LOW HITPOINT WARNING * * *
The white imp hits you but does no damage.
Unknown command.
You closely miss Natasha. Natasha claws you!
You die...

#............##. ##
##...........###
#.......#.......###
#..###..#.......#).
#. ##..#.......#.#
#. #.#.........#.#
#.####..#.......#.#
#..###..#########.#
#.@55<..# #..
###h..##### ###
##..........
#........### #
#............ #..
#............#..
...# #.####.......#
# ## # #.......#
##..###...


You could see Natasha, a white imp and a shadow imp.

Vanquished Creatures
  Natasha (D:2)
  A worm (D:2)
  A leopard gecko (D:2)
  A ball python (D:1)
  5 bats
  4 hobgoblins (D:1)
  3 frilled lizards
  A goblin (D:1)
  4 kobolds
  6 rats
27 creatures vanquished.

Notes
Turn   | Place    | Note
-------+----------+-------------------------------------------
     0 | D:1      | KristoblXynda the Naga Fighter began the quest for the Orb.
     0 | D:1      | Reached XP level 1. HP: 21/21 MP: 1/1
   222 | D:1      | Reached XP level 2. HP: 21/28 MP: 2/2
   834 | D:2      | Noticed Natasha
   842 | D:2      | Killed Natasha
   842 | D:2      | Reached XP level 3. HP: 15/34 MP: 3/3
  1099 | D:2      | Noticed Natasha
  1113 | D:2      | Slain by Natasha

Vault maps used:
D:1:      lemuel_arrival_broad_hall
D:2:      uniq_natasha

Skill      XL: |  1  2  3 |
---------------+----------+-----
Armour         | 3 |  3.0
Shields        | 3 |  3.0
Fighting       | |  3.0
Maces & Flails | |  2.8

Action                   || total
-------------------------++-------
Melee: Flail             ||    95
 Abil: Spit Poison       ||     4
  Use: Potion            ||     1
Armor: Scale mail        ||    32
       Ring mail         ||    18
Dodge: Dodged            ||    23
Block: Shield            ||    50

Table legend:
 A = Spawn XP
 B = Non-spawn XP
 C = Spawn XP percentage of total XP
 D = Spawn monster count
 E = Non-spawn monster count
 F = Spawn count percentage of total count
 G = Total turns spent on level
                    A         B        C        D         E        F      G
               +---------+---------+-------+---------+---------+-------+---------
         Total |       0 |      76 |   0.0 |       0 |      27 |   0.0 |  1113
               +---------+---------+-------+---------+---------+-------+---------
           D:1 |       0 |      17 |   0.0 |       0 |      11 |   0.0 |   614
           D:2 |       0 |      59 |   0.0 |       0 |      16 |   0.0 |   499
               +---------+---------+-------+---------+---------+-------+---------
